 Dungeon Crawl Stone Soup version 0.19.0-2-gae57169 (webtiles) character file.

1306 Leibowitz the Slicer (level 8, -1/50 HPs)
             Began as a Kobold Fighter on Nov 5, 2016.
             Was a Believer of Okawaru.
             Slain by Prince Ribbit (19 damage)
             ... on level 6 of the Dungeon.
             The game lasted 00:21:13 (7369 turns).

Leibowitz the Slicer (Kobold Fighter)               Turns: 7369, Time: 00:21:14

Health: -1/50      AC:  3    Str: 13    XL:     8   Next: 88%
Magic:  8/8        EV: 14    Int:  9    God:    Okawaru [**....]
Gold:   292        SH: 11    Dex: 21    Spells: 0 memorised, 7 levels left

rFire  . . .     SeeInvis .     a - +1 rapier
rCold  . . .     Gourm    .     q - +0 leather armour
rNeg   . . .     Faith    .     c - +1 shield
rPois  .         Spirit   .     (no helmet)
rElec  .         Reflect  .     (no cloak)
rCorr  .         Harm     .     (no gloves)
MR     .....                    (no boots)
Stlth  +++.......               (no amulet)
                                x - +2 ring of dexterity
                                (no ring)

@: no status effects
A: agile 1, carnivore 3
a: Heroism, Renounce Religion


You were on level 6 of the Dungeon.
You worshipped Okawaru.
Okawaru was pleased with you.
You were completely stuffed.

You visited 1 branch of the dungeon, and saw 6 of its levels.

You collected 292 gold pieces.

Inventory:

Hand Weapons
 a - a +1 rapier (weapon)
 b - a +0 blowgun
Missiles
 t - a curare-tipped needle
 y - 19 poisoned needles
Armour
 c - a +1 shield (worn)
 q - a +0 leather armour (worn)
Jewellery
 e - an uncursed ring of ice
 o - an uncursed ring of fire
 x - a +2 ring of dexterity (right hand)
Wands
 p - a wand of slowing (10/48)
Scrolls
 d - a scroll of enchant armour
 i - 4 scrolls of remove curse
 l - 2 scrolls of teleportation
 m - a scroll of immolation
 n - a scroll of recharging
 s - 6 scrolls of identify
Potions
 h - 2 potions of invisibility
 v - 2 potions of cure mutation
 A - a potion of agility
 B - a potion of lignification
Comestibles
 f - 7 meat rations
 g - 2 beef jerkies
 k - a royal jelly
 r - a slice of pizza


   Skills:
 + Level 5.4 Fighting
 + Level 8.4 Short Blades
 + Level 1.5 Throwing
 + Level 3.4 Armour
 + Level 3.9 Dodging
 + Level 4.7 Stealth
 + Level 3.8 Shields


You had 7 spell levels left.
You didn't know any spells.

Dungeon Overview and Level Annotations

Branches:
Dungeon (6/15)
 Temple: D:4-7

Altars:
Ashenzari
Okawaru
Qazlal
Ru
Xom
Yredelemnul
Zin

Annotations:
D:4 Eustachio
D:6 Prince Ribbit


Innate Abilities, Weirdness & Mutations

You are small and have problems with some larger weapons.
You are carnivorous and can eat meat at any time.
You are agile. (Dex +2)


Message History

Press: ? - help, Shift-Dir - straight line, f/p - Prince Ribbit
Aim: Prince Ribbit You shoot a curare-tipped needle.
The curare-tipped needle hits Prince Ribbit.
Prince Ribbit is poisoned.
Prince Ribbit convulses.
Prince Ribbit seems to slow down.
Prince Ribbit is moderately wounded.
Prince Ribbit hits you!
a - a +1 rapier (weapon)
Prince Ribbit closely misses you.
You closely miss Prince Ribbit.
Prince Ribbit is moderately wounded.
You hear the slow rusting of a very distant drain.
You hit Prince Ribbit.
Prince Ribbit is heavily wounded.
Prince Ribbit hits you!
You hit Prince Ribbit.
Prince Ribbit is severely wounded.
Prince Ribbit hits you!!
You die...

### .(. #.# #.#
# #.# .##
###.##...##
#####.>F.......
#......@#
#.###.### #.#
#.# #.# #.# #.#
#.# #.# #.#
##.###.####.##
#.............
##.###.####.#


You could see Prince Ribbit.

Vanquished Creatures
  Sigmund (D:3)
  Menkaure (D:4)
  Edmund (D:4)
  A centaur (D:5)
  An ogre (D:5)
  4 hounds
  3 orc wizards
  2 orc priests (D:5)
  2 centaur skeletons
  5 worker ants
  2 hound skeletons
  2 worker ant zombies
  A howler monkey skeleton (D:5)
  10 adders
  A shadow imp (D:5)
  4 oozes
  An adder zombie (D:3)
  2 adder skeletons (D:4)
  3 worms
  A dart slug (D:1)
  7 leopard geckos
  15 orcs
  5 giant cockroaches
  6 goblins
  11 hobgoblins
  8 jackals
  6 kobolds
  6 quokkas
  A ball python (D:3)
  A ball python skeleton (D:3)
  A ball python zombie (D:3)
  4 bats
  6 frilled lizards
  2 leopard gecko skeletons (D:3)
  A quokka zombie (D:3)
  13 rats
141 creatures vanquished.

Notes
Turn   | Place    | Note
-------+----------+-------------------------------------------
     0 | D:1      | Leibowitz the Kobold Fighter began the quest for the Orb.
     0 | D:1      | Reached XP level 1. HP: 14/14 MP: 1/1
    41 | D:1      | Reached XP level 2. HP: 9/19 MP: 2/2
   446 | D:1      | Found a shattered altar of Ashenzari.
   623 | D:1      | Reached XP level 3. HP: 23/24 MP: 3/3
  1088 | D:2      | Reached skill level 3 in Short Blades
  1088 | D:2      | Reached skill level 1 in Stealth
  1095 | D:2      | Reached XP level 4. HP: 25/29 MP: 4/4
  1689 | D:2      | Found an iron altar of Okawaru.
  1698 | D:2      | Became a worshipper of Warmaster Okawaru
  1896 | D:3      | Reached skill level 4 in Short Blades
  1896 | D:3      | Reached XP level 5. HP: 22/33 MP: 5/5
  2384 | D:3      | HP: 2/49 [ooze (2)]
  2742 | D:3      | Reached skill level 1 in Dodging
  3017 | D:3      | Reached XP level 6. HP: 31/38 MP: 6/6
  3178 | D:3      | Gained mutation: You are agile. (Dex +2) [potion of beneficial mutation]
  3377 | D:3      | Noticed Sigmund
  3389 | D:3      | Killed Sigmund
  3389 | D:3      | Reached * piety under Okawaru
  3389 | D:3      | Reached skill level 5 in Short Blades
  3493 | D:4      | Reached XP level 7. HP: 27/44 MP: 7/7
  3641 | D:4      | Found a glowing silver altar of Zin.
  3650 | D:4      | Noticed Eustachio
  3724 | D:4      | Noticed Menkaure
  3730 | D:4      | HP: 3/66 [??? (1)]
  3733 | D:4      | Killed Menkaure
  3733 | D:4      | Reached skill level 6 in Short Blades
  4124 | D:4      | Noticed Edmund
  4295 | D:4      | Found a stormy altar of Qazlal.
  4495 | D:4      | Killed Edmund
  4495 | D:4      | Reached XP level 8. HP: 21/48 MP: 8/8
  4506 | D:4      | Reached ** piety under Okawaru
  4869 | D:4      | Reached skill level 5 in Fighting
  4869 | D:4      | Reached skill level 7 in Short Blades
  4966 | D:4      | Found a shimmering altar of Xom.
  5040 | D:5      | Entered Level 5 of the Dungeon
  5399 | D:5      | Reached skill level 1 in Throwing
  5640 | D:5      | Found a basalt altar of Yredelemnul.
  5733 | D:5      | Found a sacrificial altar of Ru.
  6964 | D:5      | Reached skill level 8 in Short Blades
  7361 | D:6      | Noticed Prince Ribbit
  7369 | D:6      | Slain by Prince Ribbit

Skill      XL: |  1  2  3  4  5  6  7  8 |
---------------+-------------------------+-----
Short Blades   | 3 4 5 6 8 |  8.4
Stealth        | 1 2 3 4 |  4.7
Fighting       | 4 5 |  5.4
Dodging        | 1 2 3 |  3.9
Armour         | 3 |  3.4
Shields        | 3 |  3.8
Throwing       | 1 |  1.5

Action                   |  1- 3 |  4- 6 |  7- 9 || total
-------------------------+-------+-------+-------++-------
Melee: Rapier            |    98 |   188 |   254 ||   540
 Fire: Blowgun           |       |       |    24 ||    24
  Use: Potion            |       |     6 |     4 ||    10
       Scroll            |       |       |    10 ||    10
 Stab: Sleeping          |       |     6 |     9 ||    15
       Distracted        |       |       |     1 ||     1
  Eat: Chunk             |     9 |     8 |    12 ||    29
Armor: Scale mail        |    28 |     1 |       ||    29
       Leather armour    |       |    23 |    16 ||    39
       Robe              |       |     1 |       ||     1
Dodge: Dodged            |    28 |    67 |    98 ||   193
Block: Shield            |    31 |    80 |   119 ||   230
